Map: Port Aleksander LE

Players

Impact - Winner!

  • Race: Zerg Zerg
  • Spawn Location: 11:00

Lambo

  • Race: Zerg Zerg
  • Spawn Location: 5:00

Event: IEM Season 13: Katowice (2019)

VOD

Have the link to the VOD?

Description

Time

  • Played on: Feb. 26, 2019, 12:29 p.m.
  • Length: 9:38

All games in this series

Show
View Real Time Build Order
Export as new Build Order

Impact Zerg - Winner!

Build Orders: Hatch First, Zergling Baneling 

Get SALT Encoding   

  12  0:00  Drone  
  13  0:12  Overlord  
  13  0:17  Drone  
  14  0:30  Drone  
  14  0:31  Drone  
  14  0:34  Drone  
  17  0:52  Hatchery  
  17  0:55  Drone  
  17  0:59  Drone  
  18  1:09  Extractor  
  17  1:14  Spawning Pool  
  17  1:16  Drone  
  17  1:20  Drone  
  18  1:28  Drone  
  19  1:38  Drone  
  20  1:49  Overlord  
  20  2:00  Queen  
  22  2:04  Queen  
  24  2:09  Drone x2  
  24  2:10  Metabolic Boost  
  24  2:12  Drone  
  27  2:16  Drone  
  28  2:24  Drone  
  28  2:26  Drone  
  30  2:33  Zergling x2  
  31  2:39  Hatchery  
  30  2:44  Baneling Nest  
  30  2:46  Drone  
  30  2:48  Drone  
  31  2:51  Drone  
  31  2:56  Overlord  
  32  3:00  Drone  
  33  3:08  Zergling x2  
  33  3:09  Zergling x4  
  36  3:15  Zergling x8  
  36  3:16  Zergling x2  
  42  3:20  Zergling x2  
  42  3:26  Overlord  
  42  3:28  Drone  
  42  3:32  Baneling  
  43  3:36  Drone  
  43  3:38  Baneling x2  
  44  3:41  Baneling x2  
  44  3:42  Baneling x2  
  44  3:46  Zergling x2  
  44  3:47  Drone  
  44  3:48  Drone x2  
  48  3:53  Queen  
  48  3:54  Drone  
  48  4:04  Drone  
  48  4:08  Overlord, Zergling x2, Drone  
  48  4:09  Zergling x6  
  52  4:15  Zergling x4  
  52  4:16  Drone x3  
  53  4:24  Extractor  
  53  4:25  Extractor, Roach Warren  
  53  4:27  Zergling x4  
  53  4:29  Zergling x2  
  53  4:30  Baneling x2  
  52  4:33  Baneling  
  52  4:35  Drone x2  
  55  4:38  Drone  
  55  4:41  Drone  
  56  4:47  Baneling x2  
  56  4:49  Drone  
  56  4:51  Drone  
  56  4:52  Drone x3  
  55  4:53  Drone  
  55  4:57  Drone x2  
  55  4:59  Drone  
  59  5:02  Overlord  
  59  5:04  Overlord  
  59  5:09  Baneling x2  
  59  5:22  Roach x6  
  70  5:29  Roach x2  
  70  5:32  Roach x2  
  77  5:36  Roach  
  77  5:39  Roach  
  77  5:41  Overlord  
  80  5:53  Roach  
  80  5:55  Overlord x2  
  81  6:01  Zergling x10  
  81  6:02  Zergling x2  
  86  6:04  Roach  
  86  6:05  Roach  
  90  6:13  Overlord  
  90  6:15  Zergling x4  
  90  6:16  Baneling x9  
  90  6:18  Zergling x2  
  93  6:20  Zergling x2  
  93  6:21  Zergling x2  
  93  6:23  Zergling x2  
  96  6:28  Zergling x4  
  97  6:35  Zergling x4  
  97  6:38  Zergling x2, Baneling x2  
  98  6:40  Zergling x6  
  98  6:42  Zergling x2  
  98  6:43  Zergling x2  
  98  6:44  Baneling x3  
  98  6:45  Zergling x2  
  100  6:48  Zergling x4  
  100  6:50  Zergling x2  
  97  6:54  Lair  
  97  6:56  Drone  
  94  7:03  Drone x3  
  94  7:04  Evolution Chamber  
  94  7:05  Drone  
  94  7:06  Drone  
  88  7:09  Drone  
  88  7:11  Drone x2  
  88  7:12  Extractor  
  86  7:17  Drone  
  86  7:18  Drone  
  86  7:21  Roach  
  80  7:27  Roach x2  
  80  7:28  Roach x2  
  84  7:30  Zerg Missile Weapons Level 1  
  84  7:33  Roach  
  86  7:37  Roach x2  
  86  7:41  Roach x2  
  86  7:43  Roach  
  93  7:47  Roach x2  
  97  7:53  Overseer  
  97  7:55  Roach x3  
  97  7:56  Overseer  
  102  8:03  Roach x3, Extractor  
  102  8:04  Drone  
  108  8:06  Drone x2  
  108  8:10  Roach  
  112  8:14  Roach  
  112  8:15  Overlord  
  112  8:18  Overlord  
  114  8:21  Pneumatized Carapace  
  114  8:29  Overlord x2  
  114  8:35  Roach x4  
  114  8:37  Roach  
  114  8:41  Roach x2  
  126  8:42  Ravager  
  126  8:44  Ravager  
  130  8:49  Roach x3  
  130  8:53  Roach x2  
  140  8:57  Ravager  
  140  8:58  Overlord  
  140  8:59  Overlord  
  140  9:01  Ravager  
  142  9:05  Roach  
  142  9:06  Roach  
  142  9:08  Overlord  
  146  9:12  Overlord  
  146  9:17  Overlord x2  
  146  9:19  Ravager x3  
Show
View Real Time Build Order
Export as new Build Order

Lambo Zerg 

Build Orders: Hatch First, Zergling Baneling 

Get SALT Encoding   

  12  0:00  Drone  
  13  0:12  Overlord  
  13  0:17  Drone  
  14  0:30  Drone x2  
  16  0:49  Hatchery  
  15  0:52  Drone  
  15  0:56  Drone  
  17  0:59  Drone  
  18  1:10  Extractor  
  17  1:15  Spawning Pool  
  17  1:18  Drone  
  17  1:21  Drone  
  18  1:28  Drone  
  19  1:38  Drone  
  20  1:49  Drone  
  21  2:01  Drone  
  22  2:02  Queen x2  
  22  2:03  Overlord  
  26  2:10  Metabolic Boost  
  26  2:13  Drone x2  
  28  2:23  Drone x2  
  30  2:34  Zergling x2, Drone  
  32  2:40  Hatchery  
  31  2:45  Drone  
  31  2:50  Baneling Nest  
  31  2:52  Overlord  
  31  2:54  Drone  
  32  3:01  Drone  
  32  3:05  Zergling x2  
  34  3:11  Zergling x2  
  36  3:12  Drone  
  36  3:13  Drone x3  
  36  3:15  Overlord, Drone  
  40  3:20  Overlord  
  40  3:24  Drone  
  41  3:30  Queen  
  43  3:35  Baneling x2  
  43  3:36  Drone x2  
  43  3:39  Extractor  
  44  3:43  Baneling x2  
  44  3:45  Zergling x4  
  44  3:46  Zergling x6  
  50  3:48  Drone  
  50  3:54  Queen  
  50  3:56  Zergling x4  
  50  4:00  Drone x2  
  53  4:04  Baneling x2  
  53  4:07  Zergling x4  
  49  4:17  Drone x2  
  49  4:19  Drone x3  
  49  4:23  Drone x2  
  54  4:29  Baneling x2  
  54  4:31  Drone x2  
  56  4:38  Drone  
  56  4:39  Drone  
  56  4:41  Evolution Chamber  
  56  4:44  Drone x2  
  59  4:48  Drone x3  
  59  4:51  Drone  
  62  4:56  Drone x2  
  62  4:57  Drone, Roach Warren  
  62  4:59  Lair  
  64  5:03  Drone x2  
  64  5:05  Overlord  
  66  5:08  Zerg Missile Weapons Level 1  
  66  5:12  Baneling x2  
  65  5:26  Baneling x2  
  65  5:29  Drone x2  
  65  5:30  Drone x2  
  65  5:31  Overlord  
  65  5:32  Drone  
  65  5:35  Extractor  
  68  5:36  Extractor  
  68  5:37  Overlord  
  68  5:39  Roach x3  
  73  5:53  Roach x4  
  80  5:59  Overlord  
  80  6:00  Overlord  
  80  6:02  Roach x2  
  83  6:07  Roach x2  
  83  6:08  Overlord  
  83  6:09  Overlord  
  83  6:10  Zergling x4  
  91  6:22  Roach x5  
  91  6:24  Queen x2, Baneling x2  
  103  6:25  Spine Crawler  
  103  6:28  Roach x2, Zergling x2  
  103  6:29  Zergling x2  
  106  6:35  Roach x3  
  106  6:38  Roach, Zergling x4  
  112  6:40  Zergling x2  
  112  6:41  Zergling x2  
  112  6:44  Roach  
  105  6:50  Roach  
  105  6:52  Roach, Extractor  
  89  6:57  Roach  
  89  7:00  Queen, Roach  
  91  7:03  Roach, Zergling x2  
  83  7:10  Roach  
  83  7:13  Roach  
  81  7:18  Roach  
  81  7:21  Zergling x2  
  79  7:29  Roach x2  
  81  7:30  Queen  
  82  7:38  Roach  
  82  7:39  Roach x2, Hatchery  
  88  7:44  Zergling x4  
  88  7:45  Extractor  
  88  7:47  Roach x3  
  94  7:53  Queen  
  96  8:06  Nydus Network  
  95  8:18  Queen  
  97  8:22  Roach x4  
  97  8:24  Overseer  
  105  8:29  Queen  
  107  8:34  Overlord  
  107  8:36  Roach x2  
  107  8:39  Roach  
  113  8:42  Roach  
  113  8:47  Nydus Canal  
  115  8:49  Overlord  
  115  8:52  Roach  
  117  8:59  Roach, Overlord  
  117  9:01  Ravager  
  120  9:03  Ravager  
  120  9:05  Roach  
  120  9:09  Nydus Canal  
  123  9:12  Roach  
  123  9:16  Roach  

Tags
 
Add a new tag
Caveats
  • Supply blocks, unpowered buildings, or Contaminate may cause inaccurate times.
  • Supply counts are checked every 10 seconds.